 Dungeon Crawl Stone Soup version 0.24.0-13-gcf9b3192b9 (webtiles) character file.

Game seed: 8201103088930176215, levelgen mode: deterministic

1600 sking99 the Insei (level 8, -4/54 HPs)
             Began as an Octopode Transmuter on Nov 8, 2019.
             Was a Priest of Makhleb.
             Blown up by a centaur (33 damage)
             ... with a disintegration bolt
             ... on level 5 of the Dungeon.
             The game lasted 00:13:09 (6804 turns).

sking99 the Insei (Octopode Transmuter)             Turns: 6804, Time: 00:13:10

Health: -4/54      AC:  2    Str:  9    XL:     8   Next: 94%
Magic:  9/12       EV: 25    Int: 17    God:    Makhleb [***...]
Gold:   208        SH:  0    Dex: 18    Spells: 7/13 levels left

rFire    . . .     SeeInvis .     - Unarmed
rCold    + . .     Gourm    .   (shield currently unavailable)
rNeg     . . .     Faith    .   (helmet currently unavailable)
rPois    x         Spirit   .   (no amulet)
rElec    .         Reflect  .   n - +5 ring of evasion
rCorr    .         Harm     .   k - ring of protection from cold
MR       .....                  (no ring)
Stlth    ++........             (no ring)
HPRegen  0.18/turn              (no ring)
MPRegen  0.13/turn              (no ring)
                                (no ring)
                                (no ring)

@: spider-form
A: tiny, almost no armour, stealthy swim, (amphibious), 8 rings, (constrict 8)
a: End Transformation, Minor Destruction, Lesser Servant of Makhleb, Renounce
Religion


You were on level 5 of the Dungeon.
You worshipped Makhleb.
Makhleb was most pleased with you.
You were not hungry.
You were a venomous arachnid creature.
You visited 1 branch of the dungeon, and saw 5 of its levels.
You also visited: Sewer.

You collected 208 gold pieces.

Inventory:

Missiles
 a - 24 arrows
Jewellery
 k - a ring of protection from cold (right front leg)
 n - a +5 ring of evasion (left front leg)
Wands
 t - a wand of paralysis (6)
 y - a wand of clouds (6)
Scrolls
 g - a scroll of teleportation
 i - 4 scrolls of amnesia
 j - 7 scrolls of remove curse
 m - a scroll of enchant armour
 w - 2 scrolls of fog
Potions
 d - a potion of invisibility {unknown}
 e - 6 potions of brilliance
 f - 6 potions of curing
 h - 2 potions of flight {unknown}
 l - 2 potions of lignification {unknown}
 p - 3 potions of agility
 q - 2 potions of resistance
 r - 3 potions of degeneration
 s - 3 potions of heal wounds {unknown}
 u - 4 potions of might {unknown}
 v - a potion of mutation {unknown}
 x - a potion of haste {unknown}
Comestibles
 b - a chunk of flesh
 c - 13 rations


   Skills:
 + Level 4.7 Fighting
 - Level 2.0 Dodging
 * Level 7.5 Unarmed Combat
 - Level 3.2 Spellcasting
 - Level 5.0 Transmutations
 - Level 2.0 Poison Magic
 + Level 4.0 Invocations


You had 7 spell levels left.
You knew the following spells:

 Your Spells              Type           Power        Failure   Level  Hunger
a - Beastly Appendage     Tmut           ###...       9%          1    None
b - Sticks to Snakes      Tmut           ###.....     11%         2    ##.....
c - Spider Form           Tmut/Pois      ##........   28%         3    ###....

Your spell library contained the following spells:

 Spells                   Type           Power        Failure   Level  Hunger
 Ice Form                 Ice/Tmut       ##......     73%         4    ####...
 Blade Hands              Tmut           ###.......   73%         5    ######.


Dungeon Overview and Level Annotations

Branches:
Dungeon (5/15)             Temple (0/1) D:4           Sewer (visited)

Altars:
Cheibriados
Fedhas
Gozag
Makhleb
Xom
Zin

Shops:
D:4 *


Innate Abilities, Weirdness & Mutations

You cannot wear most types of armour.
You are very stealthy in the water. (Stealth+)
((You are amphibious.))
You can wear up to eight rings at the same time.
((You can use your tentacles to constrict eight enemies at once.))
((Your skin changes colour to match your surroundings (Stealth+).))
((Your rubbery body absorbs attacks. (AC +1, EV +1)))


Message History

Your transformation is almost over.
Magic restored.
Your transformation has ended.
A centaur comes into view.
It is wielding a +0 quarterstaff and carrying a wand of disintegration (5).
The centaur moves out of view.
Found a stone staircase leading up.
There is a stone staircase leading up here.
The centaur is too close now for your liking.
A centaur is nearby!
Casting: Spider Form (safe; 12% risk of failure)
Confirm with . or Enter, or press ? or * to list all spells.
You turn into a venomous arachnid creature.
The centaur unwields a +0 quarterstaff.
The centaur wields a +0 shortbow.
The centaur shoots an arrow.
The arrow completely misses you.
The centaur shoots an arrow.
The arrow hits you!
You see here an arrow.
The centaur zaps a wand.
You are blasted!
The centaur zaps a wand.
You are blasted!
Ouch! That really hurt!
You die...

.#####..........## ##.......#
....<...........# #........#
..........##...## ##........#
...###....###...# #...#.....#
....##....# ##.(# ##.....####.
.....#....## ##.####.....##
..#........####...#......#
.......##...#...(...####..#
.......###......s..## ..#
......## ##..##....## #.#
#.....####..###.....## ..##
#.....##.........÷c..# .....
##.......###.....##...###.#...
.#....#### #......##(..#.# #..
......# #.##....##....###.# ##
.###..##
##.##.....##..###..###. .#
##..####..##..##......##..#...


You could see a centaur.

Vanquished Creatures
  Pikel (D:5)
  Sigmund (D:3)
  A sky beast (D:5)
  A slave (D:5)
  A big kobold (Sewer)
  Blork the orc (D:4)
  A scorpion (D:4)
  A water moccasin skeleton (D:5)
  2 crimson imps
  3 orc priests
  Jessica (D:2)
  Ijyb (D:3)
  An iguana (D:5)
  3 worker ants
  4 gnolls (D:5)
  9 river rats
  8 adders
  2 oozes (Sewer)
  An adder skeleton (D:4)
  An adder zombie (D:5)
  7 leopard geckos
  12 orcs
  5 ball pythons
  7 giant cockroaches
  15 hobgoblins
  A quokka (D:4)
  7 bats
  3 frilled lizards
  6 goblins
  25 kobolds
  24 rats
156 creatures vanquished.

Vanquished Creatures (collateral kills)
  An orc wizard (D:3)
  An adder (D:2)
2 creatures vanquished.

Vanquished Creatures (others)
  A giant cockroach zombie (D:5)
1 creature vanquished.

Grand Total: 159 creatures vanquished

Notes
Turn   | Place    | Note
-------+----------+-------------------------------------------
     0 | D:1      | sking99 the Octopode Transmuter began the quest for the
                  | Orb.
     0 | D:1      | Reached XP level 1. HP: 13/13 MP: 3/3
   233 | D:1      | Reached XP level 2. HP: 16/18 MP: 5/5
   404 | D:1      | Learned a level 2 spell: Sticks to Snakes
  1046 | D:1      | Reached XP level 3. HP: 17/23 MP: 4/6
  1130 | D:1      | Learned a level 3 spell: Spider Form
  1669 | D:2      | Noticed Jessica
  1678 | D:2      | Killed Jessica
  1678 | D:2      | Reached skill level 1 in Poison Magic
  1678 | D:2      | Reached XP level 4. HP: 28/29 MP: 4/7
  1820 | D:2      | Found a blossoming altar of Fedhas.
  1987 | D:2      | You fall into a shaft and drop 1 floor!
  2070 | D:3      | Found a shimmering altar of Xom.
  2072 | D:3      | Found a burning altar of Makhleb.
  2076 | D:3      | Reached skill level 4 in Unarmed Combat
  2076 | D:3      | Reached XP level 5. HP: 10/34 MP: 4/8
  2290 | D:3      | Became a worshipper of Makhleb the Destroyer
  2308 | D:3      | Noticed Ijyb
  2322 | D:3      | Killed Ijyb
  3189 | D:3      | Noticed Sigmund
  3209 | D:3      | Killed Sigmund
  3209 | D:3      | Reached skill level 5 in Unarmed Combat
  3209 | D:3      | Reached XP level 6. HP: 23/41 MP: 6/10
  3508 | D:3      | Found an opulent altar of Gozag.
  3570 | D:3      | Found a snail-covered altar of Cheibriados.
  4013 | D:4      | Found a staircase to the Ecumenical Temple.
  4095 | D:4      | Found a glowing drain.
  4115 | Sewer    | Entered a sewer
  4183 | Sewer    | Reached * piety under Makhleb
  4272 | Sewer    | Reached XP level 7. HP: 44/45 MP: 7/11
  4415 | Sewer    | Reached skill level 1 in Invocations
  4851 | Sewer    | Reached ** piety under Makhleb
  5451 | D:4      | Found Zin's Purification Station.
  5451 | D:4      | Found a glowing silver altar of Zin.
  5719 | D:4      | Reached skill level 6 in Unarmed Combat
  5830 | D:4      | Noticed Blork the orc
  5839 | D:4      | Killed Blork the orc
  5839 | D:4      | Reached XP level 8. HP: 54/54 MP: 9/12
  6129 | D:5      | Entered Level 5 of the Dungeon
  6345 | D:5      | Noticed Pikel
  6361 | D:5      | Killed Pikel
  6361 | D:5      | Reached skill level 7 in Unarmed Combat
  6465 | D:5      | Reached skill level 5 in Transmutations
  6695 | D:5      | Reached *** piety under Makhleb
  6804 | D:5      | Blown up by a centaur

Levels and vault maps discovered:
D:1:      beargit_arrival_greenhouse, layout_loops_corners
D:2:      layout_loops_corners, fedhas_altar_1, uniq_jessica
D:3:      layout_basic, grunt_temple_overflow_champion_of_chaos,
          grunt_gozag_breadcrumbs, lemuel_round_altar, first_ration,
          lemuel_another_geyser, uniq_ijyb, uniq_sigmund
D:4:      layout_gridville, zin_purify, temple_fountains,
          gup_sewer_entry_bubbles, uniq_blork_the_orc
D:5:      layout_layer_cave, uniq_pikel

Skill      XL: |  1  2  3  4  5  6  7  8 |
---------------+-------------------------+-----
Poison Magic   | 1 2 |  2.0
Fighting       | 2 3 4 |  4.7
Unarmed Combat | 4 5 6 7 |  7.5
Transmutations | 3 4 5 |  5.0
Spellcasting   | 3 |  3.2
Invocations    | 2 4 |  4.0
Dodging        | |  2.0

Action                   |  1- 3 |  4- 6 |  7- 9 || total
-------------------------+-------+-------+-------++-------
Melee: Unarmed           |    61 |   124 |   225 ||   410
       Constrict         |    23 |    17 |     7 ||    47
       Kick              |    12 |     8 |       ||    20
       Tentacles         |     8 |     9 |     3 ||    20
       Punch             |       |     2 |     1 ||     3
 Cast: Beastly Appendage |    19 |    11 |     4 ||    34
       Spider Form       |       |    18 |    26 ||    44
       Sticks to Snakes  |       |     4 |       ||     4
  Use: Potion            |       |     1 |       ||     1
       Scroll            |       |     9 |     4 ||    13
 Stab: Sleeping          |     7 |     7 |       ||    14
  Eat: Chunk             |     3 |    10 |    11 ||    24
Armor: Skin              |     7 |     5 |    10 ||    22
Dodge: Dodged            |    33 |    89 |   236 ||   358
